 Dungeon Crawl Stone Soup version 0.31.0-11-ge490571c62 (webtiles) character file.

Game seed: 12794418983331243851

9 browni3141 the Conjurer (level 2, 19/19 HPs)
             Began as a Demonspawn Conjurer on Jan 30, 2024.
             Got out of the dungeon alive.
             The game lasted 00:00:21 (381 turns).

browni3141 the Conjurer (Demonspawn Conjurer)        Turns: 381, Time: 00:00:22

Health: 19/19      AC:  4    Str:  7    XL:     2   Next: 6%
Magic:  5/5        EV: 12    Int: 18    God:
Gold:   40         SH:  0    Dex: 11    Spells: 4/5 levels left

rFire   . . .        (no weapon)
rCold   . . .        (no shield)
rNeg    . . .        a - +0 robe
rPois   .            (no helmet)
rElec   .            (no cloak)
rCorr   .            (no gloves)
SInv    .            (no boots)
Will    .....        (no amulet)
Stlth   ++           (no ring)
HPRegen 0.23/turn    (no ring)
MPRegen 0.09/turn

%: no passive effects
@: no status effects
A: molten scales 1
a: no special abilities


You escaped.
You visited 1 branch of the dungeon, and saw 1 of its levels.

You collected 40 gold pieces.

Inventory:

Armour
 a - a +0 robe (worn)
Jewellery
 c - a ring of positive energy
Potions
 b - a potion of magic
 d - 2 potions of brilliance {unknown}
 e - a potion of might {unknown}


   Skills:
 + Level 2.0 Dodging
 + Level 2.0 Stealth
 + Level 2.1 Spellcasting
 + Level 4.1 Conjurations


You had 4 spell levels left.
You knew the following spells:

 Your Spells              Type           Power      Damage    Failure   Level
a - Magic Dart            Conj           64%        1d6       3%          1

Your spell library contained the following spells:

 Spells                   Type           Power      Damage    Failure   Level
 Searing Ray              Conj           32%        2d5       4%          2
 Fulminant Prism          Conj/Alch      4%         3d5       58%         4
 Iskenderun's Mystic Bla  Conj/Tloc      9%         2d4       58%         4


Dungeon Overview and Level Annotations

Branches:
Dungeon (1/15)

Altars:


Innate Abilities, Weirdness & Mutations

You are partially covered in molten scales. (AC +2)


Message History

The dart slug is almost dead.
The magic dart hits the dart slug.
You kill the dart slug!
You are out of magic!
You see here a dart slug corpse.
A hobgoblin comes into view.
A hobgoblin is nearby!
The magic dart hits the hobgoblin.
The hobgoblin is almost dead.
The hobgoblin shouts!
The magic dart hits the hobgoblin.
You kill the hobgoblin!
A giant cockroach comes into view.
The magic dart hits the giant cockroach.
The giant cockroach is heavily wounded.
A giant cockroach is nearby!
You are out of magic!
The giant cockroach waves its antennae.
The giant cockroach waves its antennae.
You are out of magic!
The giant cockroach attacks as it pursues you!
The giant cockroach bites you.
The giant cockroach attacks as it pursues you!
The giant cockroach bites you.
You see here a dart slug corpse.
The magic dart hits the giant cockroach.
You kill the giant cockroach!
Your Stealth skill increases to level 2!
HP restored.
Things that are here:
a giant cockroach corpse; a dart slug corpse An endoplasm and a dart slug come into view.
There are monsters nearby!
There are monsters nearby!
The magic dart hits the dart slug.
The dart slug is moderately wounded.
The endoplasm quivers.
The dart slug launches a dart at you. The slug dart hits you.
The magic dart hits the endoplasm.
The endoplasm is severely wounded.
The magic dart hits the endoplasm.
You kill the endoplasm!
Your Dodging skill increases to level 2!
You have reached level 2!
Your demonic ancestry asserts itself...
Molten scales grow over part of your body.
Things that are here:
a giant cockroach corpse; a dart slug corpse A quokka comes into view.
You can't go up here!
A quokka is nearby!
You hit the quokka.
The quokka is moderately wounded.
The quokka barely misses you.
You closely miss the quokka.
The quokka is moderately wounded.
The quokka closely misses you.
You hit the quokka.
The quokka is heavily wounded.
The quokka bites you.
You miss the quokka.
The quokka is heavily wounded.
The quokka bites you but does no damage.
The quokka barely misses you.
You closely miss the quokka.
The quokka is heavily wounded.
The quokka barely misses you.
You hit the quokka but do no damage.
The quokka is heavily wounded.
The quokka closely misses you.
You barely miss the quokka.
The quokka is heavily wounded.
The quokka bites you.
You hit the quokka but do no damage.
The quokka is heavily wounded.
The quokka closely misses you.
You closely miss the quokka.
The quokka is heavily wounded.
The quokka barely misses you. x2
You closely miss the quokka.
The quokka is heavily wounded.
The quokka bites you.
You miss the quokka.
The quokka is heavily wounded.
The quokka closely misses you.
You miss the quokka.
The quokka is heavily wounded.
The quokka misses you.
You hit the quokka.
The quokka is severely wounded.
The quokka bites you but does no damage.
You barely miss the quokka.
The quokka is severely wounded.
The quokka bites you but does no damage.
The quokka completely misses you.
You hit the quokka.
You kill the quokka!
There is a staircase leading out of the dungeon here.
You have escaped!

## #. ##.###
....# #..#
#####..# ##
#...#.###...#
#....@....#
#...###.#...#
##
#..########
#..#......#
#.[..#.##.#
###.##.#..#
...#..#.####
#.###.##....#
## ######..#


There were no monsters in sight!

Vanquished Creatures
  A dart slug (D:1)
  A ball python (D:1)
  An endoplasm (D:1)
  A giant cockroach (D:1)
  A hobgoblin (D:1)
  A quokka (D:1)
6 creatures vanquished.

Notes
Turn   | Place    | Note
-------+----------+-------------------------------------------
     0 | D:1      | browni3141 the Demonspawn Conjurer began the quest for the
                  | Orb.
     0 | D:1      | Reached XP level 1. HP: 13/13 MP: 3/3
   275 | D:1      | Gained mutation: You are partially covered in molten
                  | scales. (AC +2) [demonic ancestry]
   275 | D:1      | Reached XP level 2. HP: 16/19 MP: 0/5
   381 | D:$      | Got out of the dungeon alive.

Illustrated notes

Levels and vault maps discovered:
D:1:      psy_arrival_radial01, layout_loops_ring

Skill      XL: |  1 |
---------------+----+-----
Stealth        | 2 |  2.0
Dodging        | 2 |  2.0
Spellcasting   | |  2.1
Conjurations   | |  4.1

Action                     || total
---------------------------++-------
  Melee: Unarmed           ||    15
   Cast: Magic Dart        ||    11
 Armour: Robe              ||     9
  Dodge: Dodged            ||    11
